AoeStats
← Chus

Arena

509660554Analyzed
4v4 RM · 4d ago on Sep 27, 2026· 45m 12s· 8 players
Game mode
Random Map
Map size
Large (8 player)
Population
200
Speed
Normal
Resources
Standard
Victory
Conquest
Starting age
Dark Age
Ending age
Imperial Age
RankedLock teamsTeams togetherTeam positionsShared explorationLock speedFull tech treeHidden civsTurbo modeCheats
Victory
Defeat
🇻🇳 Khmer · Vietnam
878
+13
🇵🇰 Mongols · Pakistan
858
+14
🇪🇸 Malians · Spain
846
+15
🇨🇳 Franks · China
800
+17
🇬🇧 Turks · United Kingdom
847
-16
🇧🇷 Persians · Brazil
817
-15
🇵🇱 Burgundians · Poland
803
-14
🇪🇨 Spanish · Ecuador
793
-14
Chus
10:09 Feudal Age
8:26 Loom
15:35 Castle Age
18:20 Double-Bit Axe
19:29 Town Watch
28:48 Horse Collar
29:25 Bow Saw
31:50 Fletching
32:19 Forging
32:14 Scale Barding Armor
37:26 Imperial Age
35:47 Wheelbarrow
35:36 Heavy Plow
35:49 Light Cavalry
36:40 Bloodlines
36:30 Husbandry
38:35 Iron Casting
38:20 Chain Barding Armor
38:22 Farimba
39:53 Hand Cart
39:39 Town Patrol
43:45 Plate Barding Armor
43:06 Bodkin Arrow
43:11 Padded Archer Armor
43:15 Scale Mail Armor
43:11 Bodkin Arrow
43:07 Heavy Camel Rider
44:45 Fervor
44:52 Block Printing
44:59 Sanctity
44:47 Atonement
44:58 Redemption
44:56 Devotion
44:54 Herbal Medicine
sehal
10:21 Feudal Age
10:29 Feudal Age
15:46 Castle Age
13:55 Double-Bit Axe
13:52 Horse Collar
14:34 Stone Mining
17:48 Loom
22:45 Fletching
23:19 Loom
24:20 Loom
25:33 Gold Mining
27:23 Gold Shaft Mining
28:20 Wheelbarrow
31:48 Imperial Age
29:29 Bodkin Arrow
29:38 Padded Archer Armor
30:11 Heavy Plow
30:25 Bow Saw
31:07 Stone Shaft Mining
31:54 Leather Archer Armor
32:04 Ballistics
32:04 Thumb Ring
32:32 Bloodlines
32:23 Husbandry
32:31 Bracer
33:39 Chemistry
32:51 Fortified Wall
33:09 Hand Cart
33:31 Conscription
33:27 Forging
33:25 Scale Barding Armor
33:26 Light Cavalry
33:55 Elite Mangudai
36:24 Iron Casting
36:09 Chain Barding Armor
35:13 Hussar
36:43 Murder Holes
37:20 Parthian Tactics
41:00 Capped Ram
42:29 Siege Ram
44:37 Drill
yukinohana.htn
10:30 Feudal Age
10:58 Double-Bit Axe
10:55 Horse Collar
18:15 Castle Age
16:16 Stone Mining
16:30 Gold Mining
16:56 Stone Mining
19:01 Heavy Plow
19:12 Bow Saw
19:40 Gold Shaft Mining
22:40 Stone Shaft Mining
22:48 Wheelbarrow
23:27 Forging
28:11 Imperial Age
26:58 Hand Cart
27:07 Fortified Wall
29:27 Crop Rotation
29:08 Scale Barding Armor
29:41 Iron Casting
28:58 Pikeman
29:24 Arson
29:43 Scale Mail Armor
30:56 Murder Holes
32:00 Halberdier
33:44 Blast Furnace
34:02 Double Crossbow
35:32 Chain Mail Armor
37:49 Chain Barding Armor
39:19 Chemistry
38:41 Ballistics
38:42 Elite Ballista Elephant
42:44 Tusk Swords
43:53 Masonry
chentao_1209
10:27 Feudal Age
14:40 Castle Age
13:10 Double-Bit Axe
13:24 Gold Mining
21:01 Wheelbarrow
25:32 Fortified Wall
28:55 Imperial Age
28:00 Hand Cart
30:09 Gold Shaft Mining
30:12 Scale Barding Armor
30:17 Forging
29:59 Cavalier
30:42 Husbandry
31:54 Paladin
35:00 Chain Barding Armor
35:18 Conscription
36:12 Chivalry
36:45 Bow Saw
39:43 Fletching
40:03 Forging
44:18 Bodkin Arrow
44:59 Plate Barding Armor
44:19 Stone Mining
44:21 Elite Throwing Axeman
Louis Theroux
12:22 Feudal Age
16:25 Castle Age
20:37 Imperial Age
18:26 Gold Mining
18:47 Double-Bit Axe
ZigzagSinger667
6:19 Horse Collar
11:52 Feudal Age
11:07 Double-Bit Axe
19:12 Castle Age
21:10 Heavy Plow
30:06 Crop Rotation
34:24 Wheelbarrow
34:05 Pikeman
38:10 Imperial Age
40:06 Scale Barding Armor
40:02 Scale Mail Armor
40:12 Forging
39:29 Halberdier
41:31 Chain Barding Armor
40:42 Cavalier
43:10 Crossbowman
SharkScooper
0:55 Loom
13:05 Feudal Age
13:30 Horse Collar
13:39 Double-Bit Axe
14:31 Wheelbarrow
17:51 Stone Mining
18:29 Arson
22:02 Castle Age
19:57 Town Watch
23:21 Hand Cart
23:19 Bow Saw
23:13 Heavy Plow
25:09 Squires
26:37 Forging
26:27 Scale Mail Armor
26:18 Fletching
28:14 Pikeman
30:20 Masonry
30:12 Murder Holes
30:36 Gold Mining
31:25 Stone Shaft Mining
34:40 Imperial Age
33:01 Bodkin Arrow
33:42 Iron Casting
33:36 Chain Mail Armor
35:24 Scale Barding Armor
35:20 Padded Archer Armor
36:21 Blast Furnace
37:14 Two-Man Saw
36:48 Crop Rotation
36:28 Halberdier
37:39 Ballistics
38:20 Chemistry
36:45 Crossbowman
38:12 Architecture
37:52 Thumb Ring
39:36 Plate Mail Armor
Junior
8:35 Loom
12:20 Feudal Age
16:10 Castle Age
14:52 Double-Bit Axe
15:56 Horse Collar
18:17 Bow Saw
25:34 Heavy Plow
26:33 Husbandry
26:44 Bloodlines
30:20 Gold Mining
30:21 Stone Mining
30:56 Bloodlines
31:05 Fletching
31:26 Forging
31:20 Padded Archer Armor
32:21 Wheelbarrow
35:25 Imperial Age
33:10 Bodkin Arrow
33:40 Ballistics
34:05 Masonry
33:51 Murder Holes
34:25 Inquisition
35:02 Leather Archer Armor
35:40 Stone Shaft Mining
36:06 Hand Cart
35:37 Town Watch
36:57 Conscription
36:58 Supremacy
36:38 Inquisition
36:08 Elite Conquistador
38:33 Chemistry
38:35 Hoardings
38:06 Bracer
38:36 Ring Archer Armor
38:38 Architecture
43:47 Elite Skirmisher
44:34 Thumb Ring
Connection lost

Rejoining the realm…

Still unreachable

The connection could not be restored.

Session expired

The server has moved on; the page needs a fresh start.